 Dungeon Crawl Stone Soup version 0.20.0-15-g7f486f2 (webtiles) character file.

66 dobroeutro the Chopper (level 3, -2/29 HPs)
             Began as a Demonspawn Fighter on June 9, 2017.
             Killed from afar by Ijyb (12 damage)
             ... with a wand of acid (?/15)
             ... on level 3 of the Dungeon.
             The game lasted 00:02:33 (2021 turns).

dobroeutro the Chopper (Demonspawn Fighter)         Turns: 2021, Time: 00:02:33

Health: -2/29      AC:  8    Str: 17    XL:     3   Next: 96%
Magic:  0/3        EV:  6    Int:  9    God:
Gold:   114        SH:  8    Dex: 12    Spells: 2/2 levels left

rFire    . . .     SeeInvis +   a - +0 war axe
rCold    . . .     Gourm    .   c - +0 shield
rNeg     . . .     Faith    .   b - +0 scale mail
rPois    .         Spirit   +   (no helmet)
rElec    .         Reflect  .   h - -1 cloak (curse)
rCorr    .         Harm     .   (no gloves)
MR       +....                  (no boots)
Stlth    ..........             l - amulet of regeneration
Regen    0.5/turn               e - ring of see invisible
MPRegen  0.1/turn               w - ring of protection from magic

@: no status effects
A: iridescent scales 1, magic shield
a: no special abilities


You were on level 3 of the Dungeon.
You were not hungry.

You visited 1 branch of the dungeon, and saw 3 of its levels.

You collected 114 gold pieces.

Inventory:

Hand Weapons
 a - a +0 war axe (weapon)
Armour
 b - a +0 scale mail (worn)
 c - a +0 shield (worn)
 h - a cursed -1 cloak (worn)
Jewellery
 e - a ring of see invisible (left hand)
 l - an amulet of regeneration (around neck)
 s - an uncursed ring of positive energy
 w - a ring of protection from magic (right hand)
Scrolls
 g - 2 scrolls of identify {unknown}
 j - a scroll of enchant armour {unknown}
 p - a scroll of teleportation {unknown}
 r - a scroll of amnesia {unknown}
 t - a scroll of magic mapping {unknown}
 v - a scroll of fear {unknown}
 x - a scroll of immolation {unknown}
Potions
 d - a potion of might
 i - 2 potions of haste {unknown}
 k - a potion of ambrosia {unknown}
 m - a potion of brilliance {unknown}
 n - 2 potions of curing {unknown}
Comestibles
 f - 3 bread rations
 o - a meat ration
 q - 2 royal jellies


   Skills:
 - Level 3.0 Fighting
 + Level 3.9 Axes
 - Level 2.6 Armour
 - Level 2.6 Shields


You had 2 spell levels left.
You didn't know any spells.

Dungeon Overview and Level Annotations

Branches:
Dungeon (3/15)

Altars:
Nemelex Xobeh
Okawaru
Sif Muna

Annotations:
D:3 Ijyb


Innate Abilities, Weirdness & Mutations

You are partially covered in iridescent scales. (AC +2)
When hurt, damage is shared between your health and your magic reserves.


Message History

a dagger; a kobold corpse
Things that are here:
a dagger; a kobold corpse You found a teleport trap!
You open the door.
There is an open door here.
You open the door.
There is an open door here.
Found a long sword.
Ijyb the Twisted Goblin comes into view.
Ijyb moves out of view.
Found a stone staircase leading down.
Ijyb zaps a wand.
The bolt of acid hits you!
You are splashed with acid!
The acid burns!
It is a wand of acid (?/15).
Found a glowing grey potion.
Ijyb is nearby!
You are too injured to fight recklessly!
Unknown command.
Ijyb zaps a wand.
The bolt of acid hits you!
You die...

.# #.# ##.##### #.......
## #..# #.## #.# #..#
#..## #.# # ###..#
#.#.###>####. ## ##.#..#
#.##@#.......
.####.....###.###.#...###
.'................g......
.####...#.#.#####.#...###
## ##.##.#.# #/##.## #
#.##.#.# #.# ## #.##.#.#
#.# #.##.#.# #.# #....).#
#.#


You could see Ijyb.

Vanquished Creatures
  2 adders (D:3)
  An ooze (D:1)
  A worm (D:2)
  A leopard gecko (D:2)
  An orc (D:3)
  A giant cockroach (D:2)
  6 goblins
  9 hobgoblins
  A ball python (D:3)
  4 bats
  2 frilled lizards
  6 kobolds
  2 rats
37 creatures vanquished.

Notes
Turn   | Place    | Note
-------+----------+-------------------------------------------
     0 | D:1      | dobroeutro the Demonspawn Fighter began the quest for the Orb.
     0 | D:1      | Reached XP level 1. HP: 18/18 MP: 1/1
    66 | D:1      | Found a sparkling altar of Nemelex Xobeh.
   196 | D:1      | Gained mutation: When hurt, damage is shared between your health and your magic reserves. [demonic ancestry]
   196 | D:1      | Reached XP level 2. HP: 21/24 MP: 2/2
   976 | D:2      | Gained mutation: You are partially covered in iridescent scales. (AC +2) [demonic ancestry]
   976 | D:2      | Reached XP level 3. HP: 28/29 MP: 3/3
  1124 | D:2      | Found an iron altar of Okawaru.
  1681 | D:2      | Found a faded altar of an unknown god.
  1904 | D:3      | Found a deep blue altar of Sif Muna.
  2018 | D:3      | Noticed Ijyb
  2021 | D:3      | Killed from afar by Ijyb

Skill      XL: |  1  2 |
---------------+-------+-----
Axes           | 2 3 |  3.9
Fighting       | |  3.0
Armour         | |  2.6
Shields        | |  2.6

Action                   || total
-------------------------++-------
Melee: War axe           ||   142
  Eat: Chunk             ||     4
Armor: Scale mail        ||    55
Dodge: Dodged            ||    37
Block: Shield            ||    61
